 Dungeon Crawl Stone Soup version 0.17.2-1-ge4368a0 (webtiles) character file.

25 Goblin1989 the Chucker (level 2, -1/27 HPs)
             Began as a Troll Hunter on Sept 26, 2016.
             Slain by Sigmund
             ... wielding a +0 scythe
              (12 damage)
             ... on level 2 of the Dungeon.
             The game lasted 00:03:48 (898 turns).

Goblin1989 the Chucker (Troll Hunter)                Turns: 898, Time: 00:03:48

Health: -1/27      AC:  5    Str: 19    XL:     2   Next: 86%
Magic:  1/1        EV:  7    Int:  7    God:
Gold:   72         SH:  7    Dex: 10    Spells: 0 memorised, 1 level left

rFire  . . .     SeeInvis .       - Unarmed
rCold  . . .     Clarity  .     b - +0 robe
rNeg   . . .     SustAt   .     f - +0 shield
rPois  .         Gourm    +     (helmet restricted)
rElec  .         Spirit   .     (no cloak)
rCorr  .         Warding  .     (gloves unavailable)
rMut   +         Stasis   .     (boots unavailable)
MR     .....                    j - amulet of resist mutation
Stlth  +.........               (no ring)
                                (no ring)

@: not resistant to hostile enchantments, very unstealthy
A: unfitting armour, claws 3, fast metabolism 3, gourmand, regeneration 2,
shaggy fur 1, tough skin 2
a: no special abilities


You were on level 2 of the Dungeon.
You were very full.

You visited 1 branch of the dungeon, and saw 2 of its levels.

You collected 72 gold pieces.

Inventory:

Missiles
 o - 3 javelins (quivered)
 Z - 2 throwing nets
Armour
 b - a +0 robe (worn)
 f - a +0 shield (worn)
Jewellery
 j - an amulet of resist mutation (around neck)
Scrolls
 i - a scroll of recharging {unknown}
 k - a scroll of remove curse {unknown}
 l - a scroll of noise {unknown}
 n - a scroll of enchant weapon {unknown}
Potions
 a - a potion of resistance {unknown}
 g - a potion of flight {unknown}
 h - a potion of brilliance {unknown}
 m - a potion of curing {unknown}
Comestibles
 d - a beef jerky
 e - 3 bread rations


   Skills:
 - Level 1.5 Fighting
 - Level 3.6 Throwing
 - Level 1.5 Dodging
 - Level 0.4 Stealth
 + Level 1.0 Shields
 * Level 2.0 Unarmed Combat


You had one spell level left.
You didn't know any spells.

Dungeon Overview and Level Annotations

Branches:
Dungeon (2/15)

Altars:
The Shining One

Annotations:
D:2 Sigmund


Innate Abilities, Weirdness & Mutations

You are too large for most types of armour.
You have claws for hands.
Your metabolism is lightning-fast.
You like to eat raw meat.
You heal very quickly.
You are covered in fur (AC +1).
You have very tough skin (AC +2).


Message History

Aim: Sigmund, wielding a scythe and wearing a robe (moderately wounded)
You throw a large rock. The large rock closely misses Sigmund.
Sigmund completely misses you.
Throwing (i - inventory. (,) - cycle):
o - 4 javelins (quivered)
Press: ? - help, Shift-Dir - straight line, f/p - Sigmund
Aim: Sigmund, wielding a scythe and wearing a robe (moderately wounded)
You throw a javelin. The javelin hits Sigmund!
Sigmund is severely wounded.
Sigmund hits you with a scythe!
You barely miss Sigmund.
Sigmund is severely wounded.
Sigmund screams, "Die, monster!"
You block Sigmund's attack.
You closely miss Sigmund.
Sigmund is severely wounded.
Unknown command.
You scratch Sigmund but do no damage.
Sigmund is severely wounded.
Sigmund hits you with a scythe!
You die...

ਜਜਜ ਜਜ.ਜਜ ਜ...ਜ
ਜਜਜਜਜਜਜਜਜਜਜ....
ਜਜਜਜਜਜਜ........>.....
ਜ....ਜਜ.ਜਜਜਜਜਜਜਜਜਜ..ਜ
ਜ.......ਜ ਜਜ..
ਜ...?ਜਜਜਜ ਜਜ. ਜ...@ਜ
ਜ. ਜ...@ਜ ਜਜ. ਜ..((ਜ
...


ਜਜ(ਜਜਜ .ਜਜ ਜ( ਜ. ਜਜ ਜ. ....... . ਜ. ......... ..ਜ.. ......... You could see
Sigmund.

Vanquished Creatures
  2 goblins
  6 hobgoblins
  3 jackals (D:1)
  4 bats
  A giant gecko (D:1)
  A giant newt (D:2)
  A kobold (D:2)
  5 rats
23 creatures vanquished.

Notes
Turn   | Place    | Note
--------------------------------------------------------------
     0 | D:1      | Goblin1989 the Troll Hunter began the quest for the Orb.
     0 | D:1      | Reached XP level 1. HP: 19/19 MP: 0/0
    90 | D:1      | Reached skill level 1 in Unarmed Combat
   214 | D:1      | Reached XP level 2. HP: 27/27 MP: 1/1
   681 | D:2      | Found a glowing golden altar of the Shining One.
   728 | D:2      | Reached skill level 1 in Shields
   889 | D:2      | Noticed Sigmund
   898 | D:2      | Slain by Sigmund

Action                   || total
-------------------------++-------
Melee: Unarmed           ||    87
Throw: Large rock        ||     5
       Javelin           ||     1
  Eat: Chunk             ||    12

Vault maps used:
D:1:      dpeg_arrival_shelter, minmay_misc_feat_iff
D:2:      nicolae_overflow_hidden_temple, uniq_sigmund
